 Dungeon Crawl Stone Soup version 0.29.0-4-gdea44cf6ec (webtiles) character file.

Game seed: 4561674698536206276

161 qw the Chopper (level 5, -3/30 HPs)
             Began as a Tengu Warper on Aug 28, 2022.
             Slain by Pikel
             ... wielding a +0 whip of freezing
              (4 damage)
             ... on level 4 of the Dungeon.
             The game lasted 00:00:19 (2994 turns).

qw the Chopper (Tengu Warper)                       Turns: 2994, Time: 00:00:20

Health: -3/30      AC: 10    Str: 14    XL:     5   Next: 42%
Magic:  9/9        EV:  8    Int: 13    God:
Gold:   47         SH:  0    Dex: 19    Spells: 8/8 levels left

rFire   . . .      SeeInvis +   Y - +0 war axe
rCold   . . .      Faith    .   (no shield)
rNeg    . . .      Spirit   .   k - +0 chain mail
rPois   .          Reflect  .   (helmet restricted)
rElec   .          Harm     .   (no cloak)
rCorr   .          Rampage  .   g - +1 pair of gloves
Will    .....                   (boots unavailable)
Stlth   ..........              (no amulet)
HPRegen 0.10/turn               j - +6 ring of dexterity
MPRegen 0.11/turn               q - ring of see invisible

@: flying quickly and evasively, quick
A: beak, talons 3, nimble flight
a: no special abilities


You were on level 4 of the Dungeon.
You visited 1 branch of the dungeon, and saw 4 of its levels.

You collected 219 gold pieces.
You spent 172 gold pieces at shops.


Innate Abilities, Weirdness & Mutations

You have a beak for a mouth.
You have claws for feet.
Your magical nature lets you fly swiftly and evasively.


   Skills:
 - Level 2.0 Fighting
 - Level 6.0 Axes
 - Level 1.0 Throwing
 + Level 1.1 Armour
 - Level 2.1 Dodging
 - Level 2.0 Spellcasting
 - Level 2.4 Translocations


You had 8 spell levels left.
You didn't know any spells.
Your spell library contained the following spells:

 Spells                   Type           Power      Damage    Failure   Level
 Blink                    Tloc           14%        N/A       99%         2
 Gell's Gravitas          Tloc           7%         N/A       100%        3
 Lesser Beckoning         Tloc           7%         N/A       100%        3
 Teleport Other           Tloc           7%         N/A       100%        3
 Manifold Assault         Tloc           7%         N/A       100%        5

Inventory:

Hand Weapons
 b - a +0 morningstar
 Y - a +0 war axe (weapon)
Missiles
 c - 3 boomerangs (quivered)
Armour
 g - a +1 pair of gloves (worn)
 k - a +0 chain mail (worn)
Jewellery
 j - a +6 ring of dexterity (left hand)
 p - a ring of see invisible
 q - a ring of see invisible (right hand)
Scrolls
 e - a scroll of identify
Potions
 a - a potion of cancellation
 d - a potion of haste {unknown}
 f - a potion of might
 h - a potion of lignification {unknown}
 l - a potion of magic {unknown}
 m - 2 potions of curing

Dungeon Overview and Level Annotations

Branches:
Dungeon (4/15)
 Temple: D:4-7

Altars:
Elyvilon
Fedhas

Shops:
D:1 *=*((   D:3 =

Annotations:
D:4 Natasha, Pikel


Message History

You see here a +0 dagger.
The lemure hits you.
You hit the lemure. Your kick misses the lemure.
The lemure is lightly wounded.
A lemure comes into view.
The lemure hits you but does no damage.
You slash the lemure! You claw the lemure, but do no damage.
The lemure is heavily wounded.
The lemure barely misses you.
Natasha howls an incantation.
Natasha's front paws start to glow.
You hit the lemure but do no damage.
The lemure is heavily wounded.
The lemure hits you! The lemure hits you.
Pikel, Merchant of Souls comes into view.
He is wielding a +0 whip of freezing.
You slash the lemure! You claw the lemure.
You peck the lemure, but do no damage.
The lemure is almost dead.
The lemure hits you!
You hit the lemure.
The lemure is almost dead.
The lemure hits you.
You closely miss the lemure. Your kick misses the lemure.
The lemure is almost dead.
The lemure hits you.
Natasha casts a spell.
You hit the lemure.
You kill the lemure!
That felt strangely unrewarding.
You hit Pikel but do no damage. You claw Pikel, but do no damage.
Your peck misses Pikel. Pikel hits you but does no damage. x2
You closely miss Pikel. You claw Pikel.
Pikel is lightly wounded.
Pikel barely misses you.
You slash Pikel!
Pikel is moderately wounded.
Natasha casts a spell.
Pikel hits you with a +0 whip of freezing.
You die...

### #
..#.#
#.#. #..
# #.###.#
# #<....#
#5##)####
#hK@.../#
#5###.#.#
.. .....
#. .....#
# .....#
.....#
.#.#.#


You could see Pikel, a lemure, Natasha and a shadow imp (summoned).

Vanquished Creatures
  A lemure (D:4)
  Ijyb (D:3)
  An orc wizard (D:3)
  5 adders
  A worm (D:2)
  A dart slug (D:1)
  4 orcs (D:3)
  A bat (D:1)
  6 endoplasms
  2 giant cockroaches
  9 goblins
  3 hobgoblins
  4 jackals (D:2)
  2 quokkas
  7 ball pythons
  4 frilled lizards (D:1)
  5 kobolds
  4 rats
61 creatures vanquished.

Notes
Turn   | Place    | Note
-------+----------+-------------------------------------------
     0 | D:1      | qw the Tengu Warper began the quest for the Orb.
     0 | D:1      | Reached XP level 1. HP: 12/12 MP: 4/4
     0 | D:1      | 0 ||| qw: Version: 0.1-a-89-g26bdef1
     0 | D:1      | 0 ||| qw: Game counter: 3163
     0 | D:1      | 0 ||| qw: Always use a shield: true
     0 | D:1      | 0 ||| qw: God list: Okawaru
     0 | D:1      | 0 ||| qw: Allow faded altars: false
     0 | D:1      | 0 ||| qw: Do Orc after D:15 true
     0 | D:1      | 0 ||| qw: Do second Lair branch before Depths: true
     0 | D:1      | 0 ||| qw: Lair rune preference: random
     0 | D:1      | 0 ||| qw: Plans: Normal
     0 | D:1      | 0 ||| PLANNING D:1-11
   178 | D:1      | 178 ||| Stepping ~*~*~tactically~*~*~ (hiding).
   195 | D:1      | 195 ||| Stepping ~*~*~tactically~*~*~ (stealth).
   196 | D:1      | 196 ||| Stepping ~*~*~tactically~*~*~ (hiding).
   288 | D:1      | Reached XP level 2. HP: 15/17 MP: 6/6
   334 | D:1      | Reached skill level 3 in Axes
   337 | D:1      | Found Piotiurph's Assorted Antiques.
   340 | D:1      | Found Tesev's Jewellery Boutique.
   507 | D:1      | Found Holesiaf's Weapon Shop.
   511 | D:1      | 511 ||| BUYING black potion (22 gold).
   511 | D:1      | Bought a black potion for 22 gold pieces
   511 | D:1      | 511 ||| SHOPLISTING crystal mace (200 gold, have 4).
   511 | D:1      | 511 ||| SHOPLISTING ominously black robe (142 gold, have
                  | 4).
   511 | D:1      | 511 ||| SHOPLISTING scroll labelled TUAFAEM ROMM (25 gold,
                  | have 4).
   516 | D:1      | 516 ||| SHOPLISTING +4 ring of evasion (504 gold, have 4).
   516 | D:1      | 516 ||| SHOPLISTING amulet of guardian spirit (420 gold,
                  | have 4).
   516 | D:1      | 516 ||| SHOPLISTING amulet of regeneration (420 gold, have
                  | 4).
   516 | D:1      | 516 ||| SHOPLISTING ring of positive energy (280 gold, have
                  | 4).
   516 | D:1      | 516 ||| SHOPLISTING ring of resist corrosion (280 gold,
                  | have 4).
   525 | D:1      | Found Gyoddate's Antique Weapon Emporium.
   529 | D:1      | 529 ||| Stepping ~*~*~tactically~*~*~ (stealth).
   540 | D:1      | 540 ||| SHOPLISTING +0 whip (25 gold, have 4).
   543 | D:1      | 543 ||| SHOPLISTING flail (105 gold, have 4).
   543 | D:1      | 543 ||| SHOPLISTING mace (90 gold, have 4).
   543 | D:1      | 543 ||| SHOPLISTING whip (75 gold, have 4).
   632 | D:1      | 632 ||| Stepping ~*~*~tactically~*~*~ (stealth).
   677 | D:1      | Reached XP level 3. HP: 20/21 MP: 7/7
   682 | D:1      | Found Nuicob's General Store.
   686 | D:1      | 686 ||| SHOPLISTING +0 chain mail (45 gold, have 11).
   686 | D:1      | 686 ||| SHOPLISTING +1 whip of venom (100 gold, have 11).
   686 | D:1      | 686 ||| SHOPLISTING scroll of teleportation (30 gold, have
                  | 11).
   694 | D:1      | 694 ||| Stepping ~*~*~tactically~*~*~ (stealth).
   695 | D:1      | 695 ||| Stepping ~*~*~tactically~*~*~ (stealth).
   696 | D:1      | 696 ||| Stepping ~*~*~tactically~*~*~ (stealth).
   697 | D:1      | 697 ||| Stepping ~*~*~tactically~*~*~ (stealth).
   698 | D:1      | 698 ||| Stepping ~*~*~tactically~*~*~ (stealth).
   950 | D:1      | Found a faded altar of an unknown god.
   952 | D:1      | 952 ||| Stepping ~*~*~tactically~*~*~ (stealth).
   982 | D:1      | 982 ||| Stepping ~*~*~tactically~*~*~ (stealth).
  1117 | D:1      | 1117 ||| UPGRADING to +6 ring of dexterity.
  1118 | D:1      | 1118 ||| READING scroll labelled REUCKO AZIYNEMUTI.
  1119 | D:1      | 1119 ||| READING 3 scrolls labelled PAUSAHE QYAM.
  1120 | D:1      | 1120 ||| READING scroll labelled TUAFAEM ROMM.
  1121 | D:1      | 1121 ||| READING scroll labelled FEIWEUL KAOWU.
  1126 | D:1      | 1126 ||| DRINKING 2 inky potions.
  1127 | D:1      | 1127 ||| DROPPING scroll of blinking.
  1128 | D:1      | 1128 ||| DROPPING 2 scrolls of amnesia.
  1207 | D:2      | Reached skill level 4 in Axes
  1311 | D:2      | 1311 ||| Stepping ~*~*~tactically~*~*~ (stealth).
  1360 | D:2      | Reached XP level 4. HP: 26/26 MP: 8/8
  1369 | D:2      | HP: 1/26 [worm (6)]
  1672 | D:2      | 1672 ||| Stepping ~*~*~tactically~*~*~ (stealth).
  1689 | D:2      | 1689 ||| Stepping ~*~*~tactically~*~*~ (stealth).
  1705 | D:2      | 1705 ||| DROPPING +0 club.
  1913 | D:2      | 1913 ||| SWAPPING to +0 war axe.
  1919 | D:2      | 1919 ||| DROPPING +0 hand axe.
  1933 | D:2      | 1933 ||| UPGRADING to +0 pair of gloves.
  1938 | D:2      | 1938 ||| UPGRADING to +0 ring mail.
  1948 | D:2      | 1948 ||| DROPPING +0 leather armour.
  1949 | D:2      | 1949 ||| READING scroll of enchant armour.
  1949 | D:2      | 1949 ||| ENCHANTING +0 pair of gloves.
  1950 | D:2      | 1950 ||| UPGRADING to ring of see invisible.
  1951 | D:2      | 1951 ||| READING scroll labelled FIECHIC NEDUF.
  2018 | D:3      | 2018 ||| DROPPING +0 mace.
  2054 | D:3      | Found a white marble altar of Elyvilon.
  2115 | D:3      | Reached skill level 5 in Axes
  2156 | D:3      | Found a blossoming altar of Fedhas.
  2157 | D:3      | 2157 ||| Stepping ~*~*~tactically~*~*~ (stealth).
  2159 | D:3      | 2159 ||| Stepping ~*~*~tactically~*~*~ (hiding).
  2181 | D:3      | 2181 ||| Stepping ~*~*~tactically~*~*~ (stealth).
  2182 | D:3      | Noticed Ijyb
  2183 | D:3      | 2183 ||| Stepping ~*~*~tactically~*~*~ (hiding).
  2190 | D:3      | Gained mutation: Your magical nature lets you fly swiftly
                  | and evasively. [Tengu growth]
  2190 | D:3      | Reached XP level 5. HP: 30/30 MP: 9/9
  2198 | D:3      | Killed Ijyb
  2631 | D:3      | 2631 ||| Stepping ~*~*~tactically~*~*~ (stealth).
  2823 | D:3      | Found Beityobb's Jewellery Shoppe.
  2832 | D:3      | 2832 ||| SHOPLISTING +4 ring of protection (360 gold, have
                  | 197).
  2832 | D:3      | 2832 ||| SHOPLISTING +6 ring of strength (360 gold, have
                  | 197).
  2832 | D:3      | 2832 ||| SHOPLISTING amulet of the acrobat (300 gold, have
                  | 197).
  2832 | D:3      | 2832 ||| SHOPLISTING ring of Xom's Attic {rF+ rN+ Slay-6
                  | SInv} (200 gold, have 197).
  2832 | D:3      | 2832 ||| BUYING ring of see invisible (150 gold).
  2832 | D:3      | Bought a ring of see invisible for 150 gold pieces
  2843 | D:3      | Reached skill level 6 in Axes
  2946 | D:3      | 2946 ||| UPGRADING to +0 chain mail.
  2956 | D:3      | 2956 ||| DROPPING +0 ring mail.
  2957 | D:3      | 2957 ||| READING 3 scrolls labelled PAGADO XEBITUO.
  2958 | D:3      | 2958 ||| DRINKING 3 fuming white potions.
  2959 | D:3      | 2959 ||| READING 2 scrolls of identify.
  2959 | D:3      | 2959 ||| IDENTIFYING blue potion
  2960 | D:3      | 2960 ||| DROPPING 2 scrolls of poison.
  2961 | D:3      | 2961 ||| READING scroll of teleportation.
  2983 | D:4      | Noticed Natasha
  2983 | D:4      | Noticed a lemure
  2985 | D:4      | Noticed a lemure
  2988 | D:4      | Noticed Pikel
  2988 | D:4      | HP: 5/30 [lemure[Pikel] (8)]
  2989 | D:4      | HP: 2/30 [lemure[Pikel] (3)]
  2991 | D:4      | Killed a lemure
  2994 | D:4      | Slain by Pikel

Levels and vault maps discovered:
D:1:      roderic_lyre, layout_rooms, serial_shops, shop, shop, shop, shop,
          shop, shapermc_ecumenical_altar_starsandcircs
D:2:      layout_rooms
D:3:      layout_loops_ring, mainiacjoe_overflow_boulevard,
          mainiacjoe_overflow_tiny_flanked, serial_shops, nicolae_shop_trees,
          kennysheep_donut, kennysheep_another_room, uniq_ijyb
D:4:      layout_basic, lemuel_doored_altar, uniq_natasha, uniq_grinder,
          uniq_duvessa, uniq_pikel, uniq_menkaure

Skill      XL: |  1  2  3  4  5 |
---------------+----------------+-----
Axes           | 3 4 5 6 |  6.0
Fighting       | |  2.0
Throwing       | |  1.0
Armour         | |  1.1
Dodging        | |  2.1
Spellcasting   | |  2.0
Translocations | |  2.4

Action                   |  1- 3 |  4- 6 || total
-------------------------+-------+-------++-------
Melee: Hand axe          |    74 |    10 ||    84
       Kick              |    21 |    20 ||    41
       Peck              |     7 |     5 ||    12
       War axe           |       |    42 ||    42
       Punch             |       |     1 ||     1
Throw: Boomerang         |    15 |    37 ||    52
  Use: Scroll            |     4 |     5 ||     9
       Potion            |     1 |     1 ||     2
Armor: Leather armour    |    15 |     1 ||    16
       Ring mail         |       |     7 ||     7
       Chain mail        |       |     3 ||     3
Dodge: Dodged            |    39 |    15 ||    54

Table legend:
 A = Non-vault XP
 B = Vault XP
 C = Vault XP percentage of total XP
 D = Non-vault monster count
 E = Vault monster count
 F = Vault count percentage of total count
                 A         B        C        D         E       F
            +---------+---------+-------+---------+---------+-------
      Total |     195 |      36 |  15.6 |      59 |       1 |   1.7
            +---------+---------+-------+---------+---------+-------
        D:1 |      42 |       0 |   0.0 |      27 |       0 |   0.0
        D:2 |      61 |       0 |   0.0 |      14 |       0 |   0.0
        D:3 |      90 |      36 |  28.6 |      17 |       1 |   5.6
        D:4 |       2 |       0 |   0.0 |       1 |       0 |   0.0
            +---------+---------+-------+---------+---------+-------
